 Dungeon Crawl Stone Soup version 0.25-a0-110-ge29c8f2358 (webtiles) character file.

Game seed: 16159706660331592280, levelgen mode: deterministic

68 vurker the Skirmisher (level 4, 0/37 HPs)
             Began as a Formicid Abyssal Knight on Nov 19, 2019.
             Was a Believer of Lugonu.
             Slain by Natasha (1 damage)
             ... on level 4 of the Dungeon.
             The game lasted 00:03:23 (2793 turns).

vurker the Skirmisher (Formicid Abyssal Knight)     Turns: 2793, Time: 00:03:23

Health: 0/37       AC:  3    Str: 18    XL:     4   Next: 41%
Magic:  6/6        EV: 11    Int: 11    God:    Lugonu [**....]
Gold:   101        SH:  0    Dex: 10    Spells: 3/3 levels left

rFire    . . .     SeeInvis +   d - +0 war axe
rCold    . . .     Gourm    .   (no shield)
rNeg     . . .     Faith    .   b - +0 leather armour
rPois    .         Spirit   .   (helmet unavailable)
rElec    .         Reflect  .   (no cloak)
rCorr    .         Harm     .   (no gloves)
MR       .....                  (no boots)
Stlth    +.........             j - amulet of inaccuracy (curse)
HPRegen  0.12/turn              (no ring)
MPRegen  0.10/turn              (no ring)

@: lethally poisoned (0 -> -4), flying
A: permanent stasis, dig shafts and tunnels, four strong arms, antennae 3
a: Dig, Shaft Self, Depart the Abyss, Bend Space, Renounce Religion


You were on level 4 of the Dungeon.
You worshipped Lugonu.
Lugonu was pleased with you.
You were not hungry.

You visited 1 branch of the dungeon, and saw 4 of its levels.
You visited the Abyss 1 time.

You collected 101 gold pieces.

Inventory:

Hand Weapons
 d - a +0 war axe (weapon)
   (You found it on level 3 of the Dungeon)
Armour
 b - a +0 leather armour (worn)
Jewellery
 j - a cursed amulet of inaccuracy (around neck)
   (You found it on level 2 of the Dungeon)
Scrolls
 c - a scroll of enchant weapon
Comestibles
 a - a chunk of flesh
 e - 5 rations


   Skills:
 + Level 3.9 Fighting
 * Level 3.3 Axes
 - Level 2.1 Armour
 - Level 0.8 Dodging
 + Level 3.1 Invocations


You had 3 spell levels left.
You didn't know any spells.
Your spell library was empty.

Dungeon Overview and Level Annotations

Branches:
Dungeon (4/15)
 Temple: D:4-7

Altars:
Makhleb
Trog
Vehumet

Annotations:
D:4 Natasha


Innate Abilities, Weirdness & Mutations

You cannot be hasted, slowed, berserked, paralysed or teleported.
You can dig through walls and to a lower floor.
Your four strong arms can wield two-handed weapons with a shield.
You have a pair of large antennae on your head. (SInv)


Message History

You are poisoned.
The adder poisons you!
You barely miss Natasha. You completely miss the adder.
You feel sick. The adder bites you. Natasha closely misses you.
The adder barely misses you. Natasha claws you but does no damage.
You miss Natasha. You closely miss the adder.
The adder bites you but does no damage.
Natasha hisses.
Natasha stares at you and mumbles some strange words.
The magic dart hits you. The adder bites you but does no damage.
You closely miss Natasha. You miss the adder.
You feel sick. The adder barely misses you. Natasha claws you.
The adder bites you but does no damage. Natasha closely misses you.
You hit Natasha. You closely miss the adder. The adder bites you.
* * * LOW HITPOINT WARNING * * *
You are more poisoned.
The adder poisons you! Natasha claws you.
* * * LOW HITPOINT WARNING * * *
You closely miss Natasha. You miss the adder.
You feel sick. The adder bites you.
* * * LOW HITPOINT WARNING * * *
You are lethally poisoned!
The adder poisons you! Natasha barely misses you. The adder closely misses you.
You feel better. The adder bites you.
* * * LOW HITPOINT WARNING * * *
Natasha claws you but does no damage. The adder closely misses you.
You barely miss Natasha. You miss the adder. Natasha claws you.
* * * LOW HITPOINT WARNING * * *
The adder closely misses you. Natasha claws you!
* * * LOW HITPOINT WARNING * * *
You closely miss Natasha. You miss the adder. The adder closely misses you.
The adder bites you.
* * * LOW HITPOINT WARNING * * *
You are lethally poisoned!
The adder poisons you!
Natasha wildly gestures.
You feel troubled. Natasha claws you.
* * * LOW HITPOINT WARNING * * *
You feel better. The adder bites you.
* * * LOW HITPOINT WARNING * * *
You are lethally poisoned!
The adder poisons you! Natasha claws you.
* * * LOW HITPOINT WARNING * * *
It was a potion of flight.
You feel very buoyant.
You fly up into the air.
* * * LOW HITPOINT WARNING * * *
You feel sick. The adder bites you but does no damage. Natasha claws you.
You die...

#.##.#
#.##.#
#######.##.#
...........#
#######.####
#.# #.#
#.#####.#
#..@h...#
####S......
.....##
.......
$....#.
.....#
##.### .#


You could see Natasha and an adder.

Vanquished Creatures
  A gnoll (D:1)
  An adder (D:2)
  An ooze (D:2)
  A ball python (D:4)
  6 bats
  A giant cockroach (D:1)
  14 goblins
  2 hobgoblins (D:1)
  6 jackals
  4 kobolds
  3 rats
40 creatures vanquished.

Notes
Turn   | Place    | Note
-------+----------+-------------------------------------------
     0 | Abyss:1  | vurker the Formicid Abyssal Knight began the quest for the
                  | Orb.
     0 | Abyss:1  | Reached XP level 1. HP: 18/18 MP: 2/2
     0 | Abyss:1  | Found a corrupted altar of Lugonu.
     8 | D:1      | Escaped the Abyss
    43 | D:1      | Reached XP level 2. HP: 22/24 MP: 3/3
   178 | D:1      | Reached XP level 3. HP: 26/29 MP: 4/4
  1143 | D:2      | Reached XP level 4. HP: 26/37 MP: 6/6
  1332 | D:2      | Reached ** piety under Lugonu
  2087 | D:3      | Found a faded altar of an unknown god.
  2110 | D:3      | Found a burning altar of Makhleb.
  2154 | D:3      | Found a radiant altar of Vehumet.
  2737 | D:4      | Found a bloodstained altar of Trog.
  2780 | D:4      | Noticed Natasha
  2791 | D:4      | HP: 1/37 [Natasha (1)]
  2793 | D:4      | Slain by Natasha

Levels and vault maps discovered:
D:1:      dpeg_arrival_round_b, layout_loops_ring
D:2:      layout_basic
D:3:      layout_rooms, vehumet_crystals, nicolae_overflow_crystal_walls,
          chequers_ecumenical_altar_island, serial_forest,
          infiniplex_forest_clump_small, infiniplex_forest_straight_1,
          infiniplex_forest_end_2, infiniplex_forest_fountain,
          infiniplex_forest_corner_2, infiniplex_forest_lined_3,
          infiniplex_forest_clump_small, infiniplex_forest_fountain,
          infiniplex_forest_3_way, first_ration
D:4:      layout_loops_ring, bloody_trog, uniq_sigmund, uniq_natasha,
          uniq_duvessa

Skill      XL: |  1  2  3 |
---------------+----------+-----
Axes           | 3 |  3.3
Invocations    | 3 |  3.1
Fighting       | |  3.9
Armour         | |  2.1
Dodging        | |  0.8

Action                   |  1- 3 |  4- 6 || total
-------------------------+-------+-------++-------
Melee: Hand axe          |    85 |    34 ||   119
       War axe           |       |    35 ||    35
 Abil: Dig               |       |     1 ||     1
  Use: Scroll            |       |     6 ||     6
       Potion            |       |     3 ||     3
  Eat: Chunk             |     1 |     5 ||     6
Armor: Leather armour    |    35 |    37 ||    72
Dodge: Dodged            |    71 |    64 ||   135

Table legend:
 A = Non-vault XP
 B = Vault XP
 C = Vault XP percentage of total XP
 D = Non-vault monster count
 E = Vault monster count
 F = Vault count percentage of total count
                 A         B        C        D         E       F
            +---------+---------+-------+---------+---------+-------
      Total |      98 |       0 |   0.0 |      40 |       0 |   0.0
            +---------+---------+-------+---------+---------+-------
        D:1 |      54 |       0 |   0.0 |      23 |       0 |   0.0
        D:2 |      35 |       0 |   0.0 |      12 |       0 |   0.0
        D:3 |       7 |       0 |   0.0 |       4 |       0 |   0.0
        D:4 |       2 |       0 |   0.0 |       1 |       0 |   0.0
            +---------+---------+-------+---------+---------+-------
